 Dungeon Crawl Stone Soup version 0.28.0-47-ge53b351184 (webtiles) character file.

Game seed: 5974206187060049245

1929 Kenran the Sneak (level 8, -5/36 HPs)
             Began as a Felid Fire Elementalist on May 3, 2022.
             Slain by Duvessa
             ... wielding a +2 short sword of protection
              (11 damage)
             ... on level 6 of the Dungeon.
             The game lasted 00:21:57 (8912 turns).

Kenran the Sneak (Felid Fire Elementalist)          Turns: 8912, Time: 00:21:58

Health: -5/36      AC:  2    Str: 10    XL:     8   Next: 96%
Magic:  0/15       EV: 20    Int: 18    God:
Gold:   215        SH:  0    Dex: 17    Spells: 10/15 levels left
                                        Lives:  0   Deaths: 2

rFire   . . .      SeeInvis +     - Unarmed
rCold   . . .      Faith    .   (shield unavailable)
rNeg    . . .      Spirit   +   (armour unavailable)
rPois   .          Reflect  .   (helmet unavailable)
rElec   .          Harm     .   (cloak unavailable)
rCorr   .          Rampage  .   (gloves unavailable)
Will    +....                   (boots unavailable)
Stlth   ++++......              s - amulet of guardian spirit
HPRegen 0.12/turn               b - +6 ring of strength
MPRegen 0.14/turn               l - ring of wizardry

@: quick
A: very small, claws 1, fangs 3, see invisible, speed 1, shaggy fur 2, stealthy
paws, no weapons or thrown items, no armour, multi-lived
a: no special abilities


You were on level 6 of the Dungeon.
You visited 1 branch of the dungeon, and saw 6 of its levels.

You collected 280 gold pieces.
You spent 65 gold pieces at shops.

Inventory:

Jewellery
 b - a +6 ring of strength (left paw)
 l - a ring of wizardry (right paw)
 s - an amulet of guardian spirit (around neck)
Wands
 r - a wand of iceblast (16)
 t - a wand of digging (3)
Scrolls
 c - a scroll of amnesia
 d - 2 scrolls of teleportation {unknown}
 e - a scroll of silence {unknown}
 f - a scroll of enchant armour {unknown}
 h - 2 scrolls of holy word
 q - a scroll of fog {unknown}
 u - a scroll of summoning {unknown}
 v - a scroll of acquirement {unknown}
 w - a scroll of identify {@r1}
Potions
 a - a potion of brilliance {unknown}
 g - 2 potions of curing {@q1}
 i - a potion of heal wounds {@q2}
 j - 3 potions of haste
 k - a potion of resistance {unknown}
 m - a potion of lignification {unknown}
 n - 2 potions of degeneration {!q}
 o - a potion of mutation {unknown}
 p - a potion of attraction {unknown}
 x - a potion of magic {unknown}


   Skills:
 - Level 4.0 Fighting
 + Level 6.3 Dodging
 + Level 6.8 Stealth
 + Level 5.9 Unarmed Combat
 - Level 4.0 Spellcasting
 - Level 1.1 Conjurations
 - Level 3.0 Hexes
 - Level 6.0 Fire Magic
 - Level 1.0 Ice Magic


You had 10 spell levels left.
You knew the following spells:

 Your Spells              Type           Power      Damage    Failure   Level
a - Foxfire               Conj/Fire      64%        2x1d7     1%          1
b - Scorch                Fire           50%        2d7       1%          2
c - Ensorcelled Hibernat  Hex/Ice        20%        N/A       4%          2

Your spell library contained the following spells:

 Spells                   Type           Power      Damage    Failure   Level
 Inner Flame              Hex/Fire       19%        N/A       2%          3
 Conjure Flame            Conj/Fire      16%        6-21      4%          3
 Passwall                 Tmut/Erth      2%         N/A       9%          2
 Flame Wave               Conj/Fire      16%        2d6       14%         4
 Swiftness                Air            3%         N/A       17%         3


Dungeon Overview and Level Annotations

Branches:
Dungeon (6/15)
 Temple: D:4-7

Altars:
Ashenzari
Okawaru
Trog
Yredelemnul

Shops:
D:4 !(*   D:5 !

Annotations:
D:2 exclusion: downstairs
D:6 Dowan, Duvessa


Innate Abilities, Weirdness & Mutations

You have sharp claws.
You have razor-sharp teeth.
You have supernaturally acute eyesight. (SInv)
You cover ground quickly. (Speed+)
You are covered in thick fur. (AC +2)
Your paws help you pounce on unaware monsters.
You are incapable of wielding weapons or throwing items.
You cannot wear armour.
You gain extra lives every three experience levels.


Message History

Confirm with . or Enter, or press ? or * to list all spells.
Flames lash Duvessa.
Duvessa is burned terribly!
Duvessa is severely wounded.
Duvessa hits you with a +2 short sword of protection!
Duvessa completely misses you.
Casting: Scorch (safe; 1% risk of failure)
Confirm with . or Enter, or press ? or * to list all spells.
Flames lash the gnoll.
You kill the gnoll!
Duvessa hits you with a +2 short sword of protection!
Casting: Scorch (safe; 1% risk of failure)
Confirm with . or Enter, or press ? or * to list all spells.
You don't know that spell.
Unknown command.
Unknown command.
Unknown command.
Duvessa barely misses you. Duvessa misses you.
Duvessa hits you with a +2 short sword of protection.
Casting: Scorch (safe; 1% risk of failure)
Confirm with . or Enter, or press ? or * to list all spells.
Flames lash Duvessa.
Duvessa is burned terribly!
Duvessa is severely wounded.
Duvessa hits you with a +2 short sword of protection.
Duvessa completely misses you.
Duvessa roars, "You can run, but you cannot escape us forever!"
Duvessa hits you with a +2 short sword of protection.
* * * LOW HITPOINT WARNING * * *
Casting: Scorch (safe; 1% risk of failure)
Confirm with . or Enter, or press ? or * to list all spells.
You don't have enough magic to cast this spell.
You are too injured to fight recklessly!
You scratch Duvessa. You bite Duvessa.
Duvessa is almost dead.
Duvessa barely misses you.
You closely miss Duvessa.
Duvessa is almost dead.
Duvessa says, "When magic and the sword combine, nothing stands against them."
Duvessa hits you with a +2 short sword of protection!
You die...

...##...####..........####..)....
..................#..............
..................#..............
.......)..................>......
.<.............#.................
...............#.....g.g.......##
...<......###..#.g#..#♣.####)..#.
..........##..#.e.####♣P##...P##.
#[...........###@## ####P..♣#.#
##................# #P..P##..
................### #...P.###.
##..............# #P..PP## #.
##.........#.... ♣♣.♣P# ##
#.........##### ..P#
...........## .#####...### #...#


You could see Duvessa (fast, combustible) and a gnoll.

Vanquished Creatures
  Pikel (D:3)
  Grinder (D:5)
  Edmund (D:4)
  An ice beast (D:5)
  A sky beast (D:6)
  A centaur (D:6)
  2 ogres
  A lemure (D:3)
  A kobold brigand (D:4)
  3 scorpions
  A howler monkey (D:5)
  A jelly (D:4)
  A hound (D:6)
  2 orc priests
  2 gnoll shamans
  Ijyb (D:4)
  Natasha (thrice) (D:2)
  Terence (D:3)
  3 iguanas (D:4)
  6 orc wizards
  A hound skeleton (D:4)
  9 gnolls
  5 adders
  An ufetubus (D:5)
  An adder skeleton (D:4)
  2 worms
  6 dart slugs
  27 orcs
  6 endoplasms
  5 giant cockroaches
  4 goblins
  7 hobgoblins
  6 quokkas
  7 ball pythons
  5 bats
  4 frilled lizards
  4 kobolds
  6 rats
140 creatures vanquished.

Vanquished Creatures (collateral kills)
  A foxfire (D:6)
1 creature vanquished.

Vanquished Creatures (others)
  264 foxfires
  3 fungi (D:6)
  8 plants (D:6)
275 creatures vanquished.

Grand Total: 416 creatures vanquished

Notes
Turn   | Place    | Note
-------+----------+-------------------------------------------
     0 | D:1      | Kenran the Felid Fire Elementalist began the quest for the
                  | Orb.
     0 | D:1      | Reached XP level 1. HP: 7/7 MP: 4/4
    52 | D:1      | Found a faded altar of an unknown god.
    99 | D:1      | Reached skill level 1 in Conjurations
   606 | D:1      | Reached XP level 2. HP: 11/11 MP: 3/6
  1410 | D:1      | Learned a level 2 spell: Scorch
  1483 | D:2      | Noticed Natasha
  1486 | D:2      | Killed Natasha
  1487 | D:2      | Reached skill level 1 in Fighting
  1487 | D:2      | Reached skill level 1 in Unarmed Combat
  1487 | D:2      | Reached XP level 3. HP: 9/15 MP: 0/7
  1804 | D:2      | Noticed Natasha
  1810 | D:2      | Killed Natasha
  1811 | D:2      | Reached XP level 4. HP: 19/19 MP: 0/8
  2056 | D:2      | Noticed Natasha
  2059 | D:2      | Killed Natasha
  2524 | D:2      | Reached XP level 5. HP: 22/22 MP: 9/9
  2724 | D:2      | Learned a level 2 spell: Ensorcelled Hibernation
  3094 | D:3      | Reached skill level 1 in Hexes
  3141 | D:3      | Noticed Terence
  3630 | D:3      | Killed Terence
  3717 | D:3      | Noticed an ogre
  3728 | D:3      | Slain by an ogre
  3729 | D:3      | Reached XP level 4. HP: 0/19 MP: 3/8
  3989 | D:3      | Found a basalt altar of Yredelemnul.
  4112 | D:3      | Reached XP level 5. HP: 18/22 MP: 0/10
  4333 | D:3      | Killed an ogre
  4508 | D:3      | Reached skill level 5 in Stealth
  4601 | D:4      | Gained mutation: You are covered in thick fur. (AC +2)
                  | [Felid growth]
  4601 | D:4      | Reached XP level 6. HP: 26/26 MP: 4/11
  4603 | D:4      | Found Tijiecus's Distillery.
  4657 | D:4      | Bought a potion of heal wounds for 65 gold pieces
  5023 | D:4      | Noticed Edmund
  5072 | D:4      | Killed Edmund
  5073 | D:4      | Reached skill level 1 in Ice Magic
  5296 | D:4      | Reached XP level 7. HP: 31/31 MP: 3/12
  5400 | D:4      | Reached skill level 5 in Fire Magic
  5448 | D:4      | Slain by a gnoll
  5449 | D:4      | Reached XP level 6. HP: 0/28 MP: 3/11
  5618 | D:4      | Noticed Ijyb
  5746 | D:4      | Found Isaedib's Antique Weapon Emporium.
  5763 | D:4      | Killed Ijyb
  5890 | D:4      | Reached XP level 7. HP: 31/31 MP: 0/14
  6011 | D:4      | Found Bounosch's General Store.
  6612 | D:4      | Noticed Pikel
  6712 | D:3      | Killed Pikel
  6713 | D:3      | Reached skill level 5 in Dodging
  6713 | D:3      | Reached XP level 8. HP: 36/36 MP: 7/15
  7145 | D:5      | Entered Level 5 of the Dungeon
  7341 | D:5      | Found Bibbets's Distillery.
  7361 | D:5      | Noticed Grinder
  7407 | D:5      | Killed Grinder
  7408 | D:5      | Reached skill level 5 in Unarmed Combat
  7869 | D:5      | Found a bloodstained altar of Trog.
  7940 | D:5      | Found an iron altar of Okawaru.
  7940 | D:5      | Found a broken altar of Ashenzari.
  8873 | D:6      | Noticed Dowan
  8876 | D:6      | Noticed Duvessa
  8912 | D:6      | Slain by Duvessa

Illustrated notes

Levels and vault maps discovered:
D:1:      shiori_shiawase, layout_loops_corners, shapermc_ecumenical_altar_venn
D:2:      layout_loops_corners, minmay_surrounded, uniq_natasha
D:3:      layout_basic, mainiacjoe_overflow_surrounded_room, kennysheep_nub,
          kennysheep_generic_room_9, uniq_terence
D:4:      layout_basic, serial_shops, nicolae_shop_behind_doors, shop,
          nicolae_shop_crystal, minmay_puff, uniq_ijyb, uniq_pikel, uniq_edmund
D:5:      layout_loops_ring, trog_butcher_becter,
          gammafunk_temple_overflow_wave, serial_shops, nicolae_take_the_stairs,
          uniq_grinder
D:6:      kennysheep_kobold_camp, layout_cave_pools,
          mainiacjoe_overflow_boulevard, chequers_serial_rivers_room_b,
          minivault_27, palyth_stone_intersect, corner_web_ring,
          kennysheep_pointless_box, minmay_misc_feat_secret_circle,
          minmay_misc_feat_x, item_on_display_a, uniq_duvessa, uniq_sigmund,
          uniq_crazy_yiuf_cottage

Skill      XL: |  1  2  3  4  5  6  7  8 |
---------------+-------------------------+-----
Conjurations   | 1 |  1.1
Stealth        | 3 4 5 6 |  6.8
Dodging        | 3 4 5 6 |  6.3
Fire Magic     | 3 4 5 6 |  6.0
Fighting       | 1 2 3 4 |  4.0
Unarmed Combat | 1 2 4 5 |  5.9
Hexes          | 2 3 |  3.0
Spellcasting   | 3 4 |  4.0
Ice Magic      | 1 |  1.0

Action                   |  1- 3 |  4- 6 |  7- 9 || total
-------------------------+-------+-------+-------++-------
Melee: Unarmed           |    38 |    55 |    74 ||   167
       Bite              |     3 |    11 |    10 ||    24
       Punch             |       |     2 |     1 ||     3
 Cast: Foxfire           |    36 |    87 |    50 ||   173
       Scorch            |     5 |    40 |    49 ||    94
       Ensorcelled Hiber |       |     8 |     8 ||    16
  Use: Potion            |       |     3 |       ||     3
       Scroll            |       |       |     5 ||     5
 Stab: Sleeping          |     1 |     9 |     8 ||    18
Armor: Skin              |       |     4 |     6 ||    10
Dodge: Dodged            |    33 |    39 |    72 ||   144
